cohdb
Replays
Latest Replays
All Replays
Popular Replays
Top Player Replays
Match Explorer
How It Works
Community
CoH3 Stats
Reddit
Sign in to upload your games and track your stats! →
Sign in with Steam
Match 44611714
Unlisted
Match 44611714
Overview
Messages
Build Orders
End
Panzerpioneer Squad
Panzerpioneer Squad
Selects Battlefield Espionage Battlegroup
Kradschützen Motorcycle Team
Panzerpioneer Squad
Construct Light Support Kompanie
2.5-tonne Medical Truck
Selects Intel Disruption Beacon
MG34 Team
Panzerjäger Mechanized Group
Panzerjäger Squad
MatioS
Ashilrye
Dirkradix
CPU - Very Easy
Barbarossa
dbswo0927
0
0
Comments
sign in to comment!
No comments posted yet!